 Dungeon Crawl Stone Soup version 0.31-a0-1499-ge0622b2318 (webtiles) character file.

Game seed: 938893768145074554

895 CowFu the Spear-Bearer (level 7, 0/52 HPs)
             Began as a Demonspawn Monk on Dec 29, 2023.
             Killed from afar by an electric eel (7 damage)
             ... with a bolt of electricity
             ... on level 6 of the Dungeon.
             The game lasted 00:05:43 (4078 turns).

CowFu the Spear-Bearer (Demonspawn Monk)            Turns: 4078, Time: 00:05:44

Health: 0/52       AC: 12    Str: 13    XL:     7   Next: 78%
Magic:  7/7        EV:  7    Int: 11    God:
Gold:   375        SH:  0    Dex: 15    Spells: 6/6 levels left

rFire   . . .        a - +1 spear
rCold   . . .        d - orb {light}
rNeg    + . .        o - +3 chain mail {rN+}
rPois   .            (helmet restricted)
rElec   .            (no cloak)
rCorr   +            B - +0 pair of gloves
SInv    .            (no boots)
Will    .....        (no amulet) Stlth
                     b - ring of resist corrosion
HPRegen 0.28/turn    (no ring)
MPRegen 0.10/turn

%: no passive effects
@: glowing
A: horns 1, ignite blood 1, spiny 2
a: no special abilities


You were on level 6 of the Dungeon.
You visited 1 branch of the dungeon, and saw 6 of its levels.
You also visited: Sewer.

You collected 375 gold pieces.

Inventory:

Hand Weapons
 a - a +1 spear (weapon)
Armour
 d - an orb of light (worn)
 o - a +3 chain mail of positive energy (worn)
 B - a +0 pair of gloves (worn)
Jewellery
 b - a ring of resist corrosion (left hand)
Wands
 n - a wand of roots (8)
 w - a wand of mindburst (18)
 y - a wand of paralysis (9)
Scrolls
 e - a scroll of enchant weapon
 g - 2 scrolls of fog {unknown}
 h - a scroll of revelation
 i - 3 scrolls of teleportation {unknown}
 l - a scroll of identify
 m - 2 scrolls of blinking {unknown}
 s - a scroll of brand weapon {unknown}
 t - a scroll of fear {unknown}
 x - a scroll of noise {unknown}
 z - 2 scrolls of immolation {unknown}
Potions
 f - a potion of berserk rage
 j - a potion of might
 k - 2 potions of lignification
 p - a potion of enlightenment
 q - 2 potions of mutation
 r - a potion of heal wounds {unknown}
 u - 3 potions of curing {unknown}
 v - a potion of resistance {unknown}
 A - a potion of attraction {unknown}


   Skills:
 + Level 3.6 Fighting
 - Level 8.0 Polearms
 + Level 1.5 Armour
 + Level 3.2 Dodging


You had 6 spell levels left.
You didn't know any spells.
Your spell library contained the following spells:

 Spells                   Type           Power      Damage    Failure   Level
 Lesser Beckoning         Tloc           0%         N/A       100%        2
 Gell's Gravitas          Tloc           0%         N/A       100%        3
 Hailstorm                Conj/Ice       0%         3d5       100%        3
 Summon Ice Beast         Ice/Summ       0%         N/A       100%        3
 Teleport Other           Tloc           0%         N/A       100%        3
 Sculpt Simulacrum        Ice/Alch       0%         N/A       100%        6


Dungeon Overview and Level Annotations

Branches:
Dungeon (6/15)              Sewer (visited)
 Temple: D:4-7

Altars:
Wu Jian

Shops:
D:1 (   D:4 [


Innate Abilities, Weirdness & Mutations

You have a pair of small horns on your head.
Your demonic aura sometimes causes spilled blood to erupt in flames.
You are mostly covered in sharp spines.


Message History

The bolt of electricity hits you. The bolt of electricity hits you!
There are monsters nearby!
You reach to attack!
You hit the electric eel.
The electric eel is lightly wounded.
You reach to attack!
You hit the electric eel.
The electric eel is moderately wounded.
You reach to attack!
You puncture the electric eel!
The electric eel is severely wounded.
The electric eel shoots out a bolt of lightning at you!
The bolt of electricity hits you! The bolt of electricity hits you.
* * * LOW HITPOINT WARNING * * *
The bolt of electricity hits the electric eel.
The electric eel completely resists.
The bolt of electricity hits the electric eel.
The electric eel completely resists.
The electric eel shoots out a bolt of lightning at you!
The bolt of electricity hits the electric eel.
The electric eel completely resists.
The bolt of electricity misses you. The bolt of electricity hits you!
* * * LOW HITPOINT WARNING * * *
The bolt of electricity hits the electric eel.
The electric eel completely resists.
You are too injured to fight recklessly!
Okay, then.
Okay, then.
You are confused.
You feel invigorated.
You bump into the rock wall.
A nearby plant withers and dies.
The electric eel shoots out a bolt of lightning at you!
The bolt of electricity misses you. The bolt of electricity hits you.
* * * LOW HITPOINT WARNING * * *
The bolt of electricity hits the electric eel.
The electric eel completely resists.
You're too confused to move!
You feel less invigorated.
You feel less confused.
The electric eel shoots out a bolt of lightning at you!
The bolt of electricity hits you!
* * * LOW HITPOINT WARNING * * *
The bolt of electricity hits you!
You die...

### ..# .## ## #.#
#........ ... ♣♣
#.....#.## #.## ~P~
........# #..♣ ~~~~
#..#.#..# #..♣~~P~P
#..#.#..# #@.S~♣
#..#.#..# #.♣S~~~~~
#.......###.#♣♣~~♣~
#.......##...#~♣~~~
#...<..........P♣ P
#......###.###...♣
#.#...## #.# #.##
#<##.## #.# .#
#.#...# #.# #


You could see 2 electric eels.

Vanquished Creatures
  Pargi (Sewer)
  An ice beast (D:5)
  A sky beast (D:5)
  A kobold brigand (Sewer)
  A scorpion (D:5)
  2 hounds (D:5)
  2 jellies
  3 orc priests
  An iguana (D:5)
  Ijyb (D:2)
  2 orc wizards (D:5)
  6 adders
  2 ribbon worms
  A shadow imp (D:5)
  3 dart slugs
  11 orcs
  5 ball pythons
  An endoplasm (D:2)
  4 giant cockroaches
  15 goblins
  6 hobgoblins
  2 jackals (D:2)
  9 kobolds
  4 quokkas
  4 bats
  2 frilled lizards
  3 rats
94 creatures vanquished.

Notes
Turn   | Place    | Note
-------+----------+-------------------------------------------
     0 | D:1      | CowFu the Demonspawn Monk began the quest for the Orb.
     0 | D:1      | Reached XP level 1. HP: 18/18 MP: 1/1
   107 | D:1      | Reached skill level 3 in Polearms
   212 | D:1      | Gained mutation: You are partially covered in sharp spines.
                  | [demonic ancestry]
   212 | D:1      | Reached XP level 2. HP: 24/24 MP: 2/2
   648 | D:1      | Found Koudghyme's Antique Weapon Emporium.
  1087 | D:2      | Gained mutation: Your demonic aura sometimes causes spilled
                  | blood to erupt in flames. [demonic ancestry]
  1087 | D:2      | Reached XP level 3. HP: 19/29 MP: 3/3
  1186 | D:2      | Reached skill level 4 in Polearms
  1395 | D:2      | Identified the +1 robe of the Exiled Ghosts {rElec}
  1770 | D:2      | Noticed Ijyb
  1809 | D:2      | Killed Ijyb
  1810 | D:2      | Reached XP level 4. HP: 12/35 MP: 4/4
  2068 | D:3      | You fall into a shaft and drop 1 floor!
  2087 | D:4      | Found Liteuve's Antique Armour Shop.
  2153 | D:4      | Found a glowing drain.
  2175 | D:4      | Reached skill level 5 in Polearms
  2193 | Sewer    | Entered a sewer
  2234 | Sewer    | Noticed Pargi
  2239 | Sewer    | Killed Pargi
  2240 | Sewer    | Gained mutation: You have a pair of small horns on your
                  | head. [demonic ancestry]
  2240 | Sewer    | Reached XP level 5. HP: 34/41 MP: 5/5
  2244 | Sewer    | Reached skill level 6 in Polearms
  2332 | Sewer    | Gained mutation: You are mostly covered in sharp spines.
                  | [demonic ancestry]
  2332 | Sewer    | Reached XP level 6. HP: 47/47 MP: 6/6
  2490 | D:4      | Identified the +1 leather armour "Ikifekhlu" {rElec rN+
                  | Dex+3}
  2527 | D:4      | Found an ornate altar of the Wu Jian Council.
  2928 | D:5      | Entered Level 5 of the Dungeon
  3052 | D:5      | Reached skill level 7 in Polearms
  3071 | D:5      | Reached XP level 7. HP: 31/52 MP: 7/7
  3295 | D:5      | Reached skill level 8 in Polearms
  3460 | D:5      | Paralysed by an orc priest for 5 turns
  3468 | D:5      | Paralysed by an orc priest for 5 turns
  3534 | D:5      | Reached skill level 1 in Armour
  4075 | D:6      | HP: 2/52 [electric eel/bolt of electricity (13)]
  4078 | D:6      | Killed from afar by an electric eel

Illustrated notes

Levels and vault maps discovered:
D:1:      sevenhm_arrival_forest_fort_large_2, layout_loops_corners,
          serial_shops, nicolae_shop_peninsula
D:2:      kennysheep_the_goblin_king, layout_loops_corners
D:3:      layout_basic, lemuel_doored_altar, kiku_gazebo_pond_becter,
          serial_bayou, serial_bayou_pond_e, serial_bayou_lagoon_a,
          serial_bayou_pond_d, serial_bayou_ford_a, serial_bayou_pond_c,
          serial_bayou_pond_d
D:4:      layout_loops_ring, kennysheep_little_box, serial_shops, shop,
          gup_sewer_entry_glass
D:5:      layout_basic, mainiacjoe_overflow_boulevard
D:6:      minmay_spotlight, layout_loops_ring,
          mainiacjoe_overflow_small_starburst, mainiacjoe_overflow_alcove_1,
          serial_bayou_lake_a

Skill      XL: |  1  2  3  4  5  6  7 |
---------------+----------------------+-----
Polearms       | 3 4 5 6 7 8 |  8.0
Dodging        | 3 |  3.2
Armour         | 1 |  1.5
Fighting       | |  3.6

Action                     |  1- 3 |  4- 6 |  7- 9 || total
---------------------------+-------+-------+-------++-------
  Melee: Spear             |   118 |   106 |    68 ||   292
         Headbutt          |       |    10 |    20 ||    30
    Use: Scroll            |       |     3 |     5 ||     8
         Potion            |       |       |     1 ||     1
 Armour: Robe              |    12 |       |       ||    12
         Chain mail        |    44 |    49 |    37 ||   130
  Dodge: Dodged            |    28 |    18 |     9 ||    55

Table legend: (Time is in decaauts)
 A = Elapsed time spent in this place.
 B = Non-inter-level travel time spent in this place.
 C = Inter-level travel time spent in this place.
 D = Time resting spent in this place.
 E = Time spent auto-exploring this place.
 F = Levels seen in this place.
 G = Mean time per level.
                   A        B        C        D        E       F      G
               +--------+--------+--------+--------+--------+-----+--------+
         Total |   4028 |   3840 |    188 |      0 |   3114 |   7 |  575.4 |
       Dungeon |   3845 |   3657 |    188 |      0 |   3035 |   6 |  640.8 |
         Sewer |    182 |    182 |      0 |      0 |     79 |   1 |  182.0 |
               +--------+--------+--------+--------+--------+-----+--------+

Top non-repeatable levels by time:
     D:5: 1054 daAuts
     D:1: 1033 daAuts
     D:2: 951 daAuts
     D:4: 706 daAuts
   Sewer: 182 daAuts
     D:3: 70 daAuts
     D:6: 29 daAuts
